 Dungeon Crawl Stone Soup version 0.22-a0-480-g991dd4b (webtiles) character file.

392 Mgcat the Cleaver (level 6, -2/51 HPs)
             Began as a Minotaur Berserker on June 15, 2018.
             Was a Priest of Trog.
             Slain by a centaur (5 damage)
             ... on level 4 of the Dungeon.
             The game lasted 00:05:18 (2887 turns).

Mgcat the Cleaver (Minotaur Berserker)              Turns: 2887, Time: 00:05:19

Health: -2/51      AC:  8    Str: 23    XL:     6   Next: 50%
Magic:  5/5        EV:  8    Int:  4    God:    Trog [***...]
Gold:   250        SH:  0    Dex: 10    Spells: 5/5 levels left

rFire    . . .     SeeInvis .   m - +0 war axe
rCold    . . .     Gourm    .   (no shield)
rNeg     . . .     Faith    .   b - +0 chain mail
rPois    .         Spirit   .   (helmet restricted)
rElec    .         Reflect  .   (no cloak)
rCorr    .         Harm     .   (no gloves)
MR       .....     Rnd*Tele +   (no boots)
Stlth    ..........             (no amulet)
HPRegen  0.17/turn              n - ring of teleportation (curse) {+/*tele, !d}
MPRegen  0.09/turn              (no ring)

@: no status effects
A: retaliatory headbutt, horns 2
a: Berserk, Trog's Hand, Renounce Religion


You were on level 4 of the Dungeon.
You worshipped Trog.
Trog was most pleased with you.
You were not hungry.

You visited 1 branch of the dungeon, and saw 4 of its levels.

You collected 250 gold pieces.

Inventory:

Hand Weapons
 m - a +0 war axe (weapon)
   (You took it off a goblin on level 2 of the Dungeon)
Missiles
 r - a throwing net {=f, !d}
Armour
 b - a +0 chain mail (worn)
   (You found it on level 2 of the Dungeon)
Jewellery
 n - a cursed ring of teleportation (left hand) {+/*tele, !d}
   (You found it on level 3 of the Dungeon)
Scrolls
 d - a scroll of fear {unknown}
 e - 7 scrolls of enchant weapon {unknown}
 h - 4 scrolls of remove curse {unknown}
 l - a scroll of teleportation {unknown}
 o - a scroll of magic mapping {unknown}
 s - a scroll of amnesia {unknown}
 t - a scroll of noise {unknown}
Potions
 f - a potion of heal wounds {unknown}
 g - 3 potions of invisibility {unknown}
 i - 2 potions of cancellation {unknown}
 j - a potion of magic {unknown}
 k - 2 potions of curing {unknown}
 p - a potion of might {unknown}
 q - a potion of agility {unknown}
 u - a potion of flight {unknown}
Comestibles
 a - 11 chunks of flesh {@w0}
 c - 6 rations


   Skills:
 - Level 3.6 Fighting
 + Level 8.9 Axes
 - Level 2.4 Armour
 - Level 2.1 Dodging


You had 5 spell levels left.
You didn't know any spells.
Your spell library was empty.

Dungeon Overview and Level Annotations

Branches:
Dungeon (4/15)
 Temple: D:4-7

Altars:
Dithmenos
Elyvilon
Fedhas
Gozag
Okawaru
Trog


Innate Abilities, Weirdness & Mutations

You reflexively headbutt those who attack you in melee.
You have a pair of horns on your head.


Message History

You slash the orc wizard!
The orc wizard is heavily wounded.
The orc wizard barely misses you.
The orc wizard hits you but does no damage.
You slash the orc wizard!
You kill the orc wizard!
Trog accepts your kill.
Trog appreciates your killing of a magic user.
No target in view!
No target in view!
Things that are here:
an enchanted dagger; a robe; an orc corpse You butcher the orc corpse.
a - 3 chunks of flesh {@w0} (gained 1)
Things that are here:
an enchanted dagger; a robe
Things that are here:
an enchanted dagger; a robe HP restored.
You now have 250 gold pieces (gained 19).
Key pressed, stopping explore.
Things that are here:
an enchanted dagger; a robe You see here a shortbow.
An orc priest comes into view. It is wielding a club.
The orc priest shouts!
You hear a shout!
An orc priest comes into view. It is wielding a short sword.
You hear a shout!
The orc priest shouts!
The orc priest looks braver for a moment.
An orc comes into view.
You slash the orc priest!
You kill the orc priest!
Trog accepts your kill.
You hit the orc priest.
The orc priest is lightly wounded.
An orc comes into view.
The orc priest hits you with a short sword.
The orc moves out of view.
You slash the orc priest!
The orc priest is almost dead.
The orc priest hits you but does no damage.
You hit the orc priest. Your headbutt misses the orc priest.
The orc priest is almost dead.
The orc priest hits you but does no damage.
You slash the orc priest!
You kill the orc priest!
Trog accepts your kill.
You closely miss the orc. The orc hits you.
You hit the orc.
You kill the orc!
Trog accepts your kill. The orc barely misses you.
Items here: )) [ ††† a short sword; a ring mail; a club; an orc corpse x3
You hit the orc.
You kill the orc!
Trog accepts your kill.
No target in view!
No target in view!
No target in view!
You butcher the orc corpse.
a - 4 chunks of flesh {@w0} (gained 1)
You butcher the orc corpse.
a - 7 chunks of flesh {@w0} (gained 3)
You butcher the orc corpse.
a - 11 chunks of flesh {@w0} (gained 4)
Things that are here:
a short sword; a ring mail; a club
Things that are here:
a short sword; a ring mail; a club You see here a ring mail.
Key pressed, stopping explore.
Key pressed, stopping explore.
A centaur comes into view.
The centaur shouts!
The centaur wields a brightly glowing longbow.
It is covered in frost.
The centaur shoots an arrow.
The arrow closely misses you.
The centaur shoots an arrow.
The arrow hits you. The arrow freezes you.
You see here an arrow.
You are too injured to fight recklessly!
You are too injured to fight recklessly!
The centaur shoots an arrow.
The arrow closely misses you.
The centaur shoots an arrow.
The arrow hits you! The arrow freezes you.
You see here an arrow.
The centaur shoots an arrow.
The arrow hits you!
* * * LOW HITPOINT WARNING * * *
The arrow freezes you.
* * * LOW HITPOINT WARNING * * *
Items here: ( ) [ † an arrow; a club; a leather armour; an orc corpse The centaur unwields an uncursed brightly glowing longbow {freeze}.
The centaur barely misses you.
The centaur hits you but does no damage.
Your chain mail prevents you from hitting the centaur.
The centaur hits you!
* * * LOW HITPOINT WARNING * * *
You hit the centaur but do no damage. The centaur hits you.
You die...

### .. .. #.# .#
###.##### .#
#.......# .#
#.......# .#
####....)..###.#
.!.....c@((.(.(######
.##.......##.(......
#....<..##.#######
#.).....##.#
........>.#####.#
....#.###.......## ##
##.... #........## #.
#.##
#.#####...########. #
..# #.#.[).......


You could see a centaur.

Vanquished Creatures
  Blork the orc (D:4)
  2 orc priests (D:4)
  2 hounds
  2 orc wizards (D:4)
  3 gnolls (D:3)
  3 adders
  A worm (D:3)
  2 dart slugs
  4 leopard geckos (D:1)
  9 orcs
  6 giant cockroaches
  7 hobgoblins
  4 jackals (D:2)
  2 quokkas (D:3)
  2 ball pythons
  2 bats (D:1)
  3 frilled lizards
  9 goblins
  10 kobolds
  6 rats
80 creatures vanquished.

Notes
Turn   | Place    | Note
-------+----------+-------------------------------------------
     0 | D:1      | Mgcat the Minotaur Berserker began the quest for the Orb.
     0 | D:1      | Reached XP level 1. HP: 19/19 MP: 0/0
    37 | D:1      | Reached skill level 4 in Axes
   109 | D:1      | Reached XP level 2. HP: 17/26 MP: 1/1
   534 | D:1      | Reached skill level 5 in Axes
   606 | D:1      | Reached ** piety under Trog
   660 | D:1      | Reached XP level 3. HP: 30/31 MP: 2/2
  1358 | D:2      | Reached XP level 4. HP: 25/39 MP: 3/3
  1391 | D:2      | Reached skill level 6 in Axes
  1412 | D:2      | Found a bloodstained altar of Trog.
  1770 | D:2      | Found a faded altar of an unknown god.
  2078 | D:3      | Found an opulent altar of Gozag.
  2078 | D:3      | Found a white marble altar of Elyvilon.
  2078 | D:3      | Found a bloodstained altar of Trog.
  2146 | D:3      | Found an opulent altar of Gozag.
  2152 | D:3      | Found an iron altar of Okawaru.
  2414 | D:3      | Found a shadowy altar of Dithmenos.
  2415 | D:3      | Found a blossoming altar of Fedhas.
  2523 | D:3      | Reached XP level 5. HP: 44/45 MP: 4/4
  2531 | D:3      | Reached skill level 7 in Axes
  2710 | D:4      | Noticed Blork the orc
  2718 | D:4      | Killed Blork the orc
  2718 | D:4      | Reached *** piety under Trog
  2718 | D:4      | Reached skill level 8 in Axes
  2718 | D:4      | Reached XP level 6. HP: 51/51 MP: 5/5
  2884 | D:4      | HP: 9/51 [centaur/arrow (6)]
  2886 | D:4      | HP: 3/51 [centaur (7)]
  2887 | D:4      | Slain by a centaur

Vault maps used:
D:1:      lightli_arrival_lavapool, serial_forest, infiniplex_forest_lined_ring,
          infiniplex_forest_clump_tiny, infiniplex_forest_clump_tiny,
          infiniplex_forest_end_2, infiniplex_forest_lined_3,
          infiniplex_forest_lined_3, minmay_distorted
D:2:      chequers_ecumenical_altar_simple_redux, first_ration, bloody_trog
D:3:      overflow_temple_1_default, amethyst_overflow_temple_binary,
          grunt_temple_overflow_open, minivault_5, small_statue_intersection,
          nicolae_gozag_seed_capital
D:4:      uniq_sigmund, uniq_blork_the_orc

Skill      XL: |  1  2  3  4  5 |
---------------+----------------+-----
Axes           | 4 5 6 8 |  8.9
Fighting       | |  3.6
Armour         | |  2.4
Dodging        | |  2.1

Action                   |  1- 3 |  4- 6 || total
-------------------------+-------+-------++-------
Melee: Hand axe          |    60 |    18 ||    78
       Headbutt          |     5 |    17 ||    22
       War axe           |       |    85 ||    85
Invok: Berserk           |       |     1 ||     1
  Eat: Chunk             |     1 |     6 ||     7
Armor: Animal skin       |     6 |       ||     6
       Leather armour    |     1 |       ||     1
       Chain mail        |       |    56 ||    56
Dodge: Dodged            |    40 |    35 ||    75

Table legend:
 A = Spawn XP
 B = Non-spawn XP
 C = Spawn XP percentage of total XP
 D = Spawn monster count
 E = Non-spawn monster count
 F = Spawn count percentage of total count
 G = Total turns spent on level
                    A         B        C        D         E        F      G
               +---------+---------+-------+---------+---------+-------+---------
         Total |       0 |     560 |   0.0 |       0 |      80 |   0.0 |  2887
               +---------+---------+-------+---------+---------+-------+---------
           D:1 |       0 |      53 |   0.0 |       0 |      29 |   0.0 |  1229
           D:2 |       0 |      74 |   0.0 |       0 |      14 |   0.0 |   849
           D:3 |       0 |      90 |   0.0 |       0 |      21 |   0.0 |   628
           D:4 |       0 |     343 |   0.0 |       0 |      16 |   0.0 |   181
               +---------+---------+-------+---------+---------+-------+---------

Vault maps used:
D:1:      lightli_arrival_lavapool, serial_forest, infiniplex_forest_lined_ring,
          infiniplex_forest_clump_tiny, infiniplex_forest_clump_tiny,
          infiniplex_forest_end_2, infiniplex_forest_lined_3,
          infiniplex_forest_lined_3, minmay_distorted
D:2:      chequers_ecumenical_altar_simple_redux, first_ration, bloody_trog
D:3:      overflow_temple_1_default, amethyst_overflow_temple_binary,
          grunt_temple_overflow_open, minivault_5, small_statue_intersection,
          nicolae_gozag_seed_capital
D:4:      uniq_sigmund, uniq_blork_the_orc

Table legend:
 A = Turns spent in this place as a percentage of turns spent in the entire game.
 B = Non-inter-level travel turns spent in this place as a percentage of non-inter-level travel turns spent in the entire game.
 C = Inter-level travel turns spent in this place as a percentage of turns spent in this place.
 D = Turns resting spent in this place as a percentage of non-inter-level travel turns spent in this place.
 E = Turns spent auto-exploring this place as a percentage of non-inter-level travel turns spent in this place.
 F = Non-inter-level travel turns spent in this place divided by the number of levels of this place that you've seen.
                   A       B       C       D       E      F
               +-------+-------+-------+-------+-------+----------------------
         Total | 100.0 | 100.0 |   1.7 |   0.8 |  82.6 | 709.2
       Dungeon | 100.0 | 100.0 |   1.7 |   0.8 |  82.6 | 709.2
               +-------+-------+-------+-------+-------+----------------------

Table legend:
 A = Kills in this place as a percentage of kills in entire the game.
 B = Kills by you in this place as a percentage of kills by you in the entire game.
 C = Kills by friends in this place as a percentage of kills by friends in the entire game.
 D = Other kills in this place as a percentage of other kills in the entire game.
 E = Experience gained in this place as a percentage of experience gained in the entire game.
 F = Experience gained in this place divided by the number of levels of this place that you have seen.
                   A       B       C       D       E      F
               +-------+-------+-------+-------+-------+----------------------
         Total | 100.0 | 100.0 |   N/A |   N/A | 100.0 | 140.0
       Dungeon | 100.0 | 100.0 |   N/A |   N/A | 100.0 | 140.0
               +-------+-------+-------+-------+-------+----------------------
